 Dungeon Crawl Stone Soup version 0.29-a0-838-g385bb11a5b (console) character file.

Game seed: 10283835389109150163

21 petzl the Vexing (level 3, 12/26 HPs)
             Began as a Formicid Arcane Marksman on July 13, 2022.
             Quit the game on level 1 of the Dungeon.
             The game lasted 00:03:29 (859 turns).

petzl the Vexing (Formicid Arcane Marksman)          Turns: 859, Time: 00:03:29

Health: 12/26      AC:  2    Str: 14    XL:     3   Next: 5%
Magic:  2/5        EV: 12    Int: 14    God:
Gold:   27         SH:  0    Dex: 14    Spells: 4/5 levels left

rFire   . . .      SeeInvis +   a - +0 sling
rCold   . . .      Faith    .   (no shield)
rNeg    . . .      Spirit   .   c - +0 robe
rPois   .          Reflect  .   (helmet unavailable)
rElec   .          Harm     .   (no cloak)
rCorr   .          Rampage  .   (no gloves)
Will    .....                   (no boots)
Stlth   ++........              (no amulet)
HPRegen 0.08/turn               (no ring)
MPRegen 0.09/turn               (no ring)

@: no status effects
A: permanent stasis, dig shafts and tunnels, antennae 3, four strong arms
a: Dig, Shaft Self


You were on level 1 of the Dungeon.
You visited 1 branch of the dungeon, and saw 2 of its levels.

You collected 27 gold pieces.

Inventory:

Hand Weapons
 a - a +0 sling (weapon)
Armour
 c - a +0 robe (worn)
Scrolls
 b - a scroll of vulnerability
 f - 2 scrolls of identify {unknown}
Potions
 d - a potion of flight {unknown}
 e - a potion of berserk rage {unknown}
 g - 2 potions of curing {unknown}
 h - 2 potions of invisibility {unknown}


   Skills:
 + Level 1.4 Fighting
 + Level 2.2 Ranged Weapons
 + Level 2.0 Dodging
 + Level 1.0 Stealth
 * Level 1.8 Spellcasting
 - Level 3.6 Hexes


You had 4 spell levels left.
You knew the following spells:

 Your Spells              Type           Power      Damage    Failure   Level
a - Slow                  Hex            44%        N/A       5%          1

Your spell library contained the following spells:

 Spells                   Type           Power      Damage    Failure   Level
 Inner Flame              Hex/Fire       6%         N/A       34%         3
 Portal Projectile        Hex/Tloc       12%        N/A       34%         3
 Cause Fear               Hex            5%         N/A       47%         4
 Animate Armour           Summ/Erth      2%         N/A       94%         4
 Blade Hands              Tmut           0%         N/A       100%        5
 Iron Shot                Conj/Erth      0%         9d1       100%        6


Dungeon Overview and Level Annotations

Branches:
Dungeon (2/15)

Altars:


Innate Abilities, Weirdness & Mutations

You cannot be hasted, slowed, berserked, paralysed or teleported.
You can dig through walls and to a lower floor.
You have a pair of large antennae on your head. (SInv)
Your four strong arms can wield two-handed weapons with a shield.


Message History

The jackal barely misses you. The jackal misses you.
You shoot a sling bullet.
The sling bullet completely misses the jackal.
The sling bullet closely misses the jackal.
The jackal bites you.
You shoot a sling bullet. The sling bullet misses the jackal.
The sling bullet closely misses the jackal.
The jackal bites you. The jackal barely misses you.
You shoot a sling bullet.
The sling bullet barely misses the jackal.
The sling bullet completely misses the jackal.
The jackal bites you. x2
You shoot a sling bullet.
The sling bullet closely misses the jackal. x2
The jackal bites you. The jackal closely misses you.
You shoot a sling bullet.
The sling bullet hits the jackal but does no damage.
The jackal is heavily wounded.
The jackal bites you. The jackal barely misses you.
You are too injured to fight recklessly!
You are too injured to fight recklessly!
You are too injured to fight recklessly!
You are too injured to fight recklessly!
You are too injured to fight recklessly!
Aiming: Slow (safe; 5% risk of failure)
Press: ? - help, Q - select action, (/) - cycle Shift-Dir - straight line, f/p - jackal
Aim: a jackal (heavily wounded, chance to affect: 67%)
The jackal seems to slow down.
The jackal barely misses you.
Aiming: Slow (safe; 5% risk of failure)
Press: ? - help, Q - select action, (/) - cycle Shift-Dir - straight line, f/p - jackal
Aim: a jackal (heavily wounded, slow, chance to affect: 67%)
The jackal seems to slow down.
Aiming: Slow (safe; 5% risk of failure)
Press: ? - help, Q - select action, (/) - cycle Shift-Dir - straight line, f/p - jackal
Aim: a jackal (heavily wounded, slow, chance to affect: 67%)
The jackal struggles to resist.
The jackal bites you.
Unknown command.
Are you sure you want to abandon this character and quit the game? (Confirm with "yes".)

#......########.##.#.#
#.####......# #...#
#......'.....##.##.#.# #.#
#......###..)#
#......#####.##.##.#.# #.#
#............. #......#
#.##....#.# #.# #......##.....
######## #.##....#.#
#.####.....###....# #.#.....#.#
#.##...............
#.##...##.#####.#.........†......
#...............#....#.#.......##
#.##............#....#..........†
#.##...........(#....###........#
#######.........#....# #..#.†.#..
#.#'#######.#### #.........
#####.#.# #.# #......... ########
####.....#.#######.# #.#.......
#......# #....#####.#.......
#......... ####......# #....#
###.#.....# .#....### ..........#
#....# #...#.....# ...≈≈. {
###.......# #....# #.###.....#
.≈≈≈≈≈ ###.......# #....#
#.@hh.....# ....#######
#....#######.....#.. #####
#................... ....#
#########..#.....#.# ###.###
#..####### #...# #.......#
#####.# ###.#.....# ....#.#
#.........# ....#.# #.#.......#
....#.# #.##........> ......#
###### #.##.......##
....##########....####.##.#.#+#.#
)......................##.#.# .#
.....#########....#######.#.# .
........# #....# ....# .#+#.##.#
###### .#.#..#.# .#....#.######
.#.[..#......#


You could see 2 jackals.

Vanquished Creatures
  2 dart slugs (D:1)
  2 bats (D:1)
  An endoplasm (D:1)
  2 goblins (D:1)
  2 hobgoblins (D:1)
  6 frilled lizards (D:1)
  3 rats (D:1)
18 creatures vanquished.

Notes
Turn   | Place    | Note
-------+----------+-------------------------------------------
     0 | D:1      | petzl the Formicid Arcane Marksman began the quest for the
                  | Orb.
     0 | D:1      | Reached XP level 1. HP: 15/15 MP: 2/2
   119 | D:1      | Reached XP level 2. HP: 18/21 MP: 4/4
   268 | D:1      | You fall into a shaft and drop 1 floor!
   621 | D:1      | Reached skill level 1 in Stealth
   772 | D:1      | Reached XP level 3. HP: 22/26 MP: 5/5
   859 | D:1      | Quit the game

Illustrated notes

Levels and vault maps discovered:
D:1:      dpeg_arrival_boxorama, layout_basic, minmay_lizard_pond
D:2:      layout_basic

Skill      XL: |  1  2 |
---------------+-------+-----
Dodging        | 2 |  2.0
Stealth        | 1 |  1.0
Fighting       | |  1.4
Ranged Weapons | |  2.2
Spellcasting   | |  1.8
Hexes          | |  3.6

Action                   || total
-------------------------++-------
 Fire: Sling             ||    71
 Cast: Slow              ||     4
 Abil: Shaft Self        ||     1
Armor: Robe              ||     2
Dodge: Dodged            ||    29

Table legend: (Time is in decaauts)
 A = Elapsed time spent in this place.
 B = Non-inter-level travel time spent in this place.
 C = Inter-level travel time spent in this place.
 D = Time resting spent in this place.
 E = Time spent auto-exploring this place.
 F = Levels seen in this place.
 G = Mean time per level.
                   A        B        C        D        E       F      G
               +--------+--------+--------+--------+--------+-----+--------+
         Total |    879 |    879 |      0 |    312 |    424 |   2 |  439.5 |
       Dungeon |    879 |    879 |      0 |    312 |    424 |   2 |  439.5 |
               +--------+--------+--------+--------+--------+-----+--------+

Top non-repeatable levels by time:
     D:1: 729 daAuts
     D:2: 149 daAuts
